 Dungeon Crawl Stone Soup version 0.30-a0-756-gc2185399d4 (webtiles) character file.

Game seed: 7921981746144257346

123 Dirtsage the Slasher (level 5, -1/38 HPs)
             Began as a Merfolk Gladiator on Feb 9, 2023.
             Slain by a gnoll
             ... wielding a +0 flail
              (3 damage)
             ... on level 3 of the Dungeon.
             The game lasted 00:04:19 (2065 turns).

Dirtsage the Slasher (Merfolk Gladiator)            Turns: 2065, Time: 00:04:20

Health: -1/38      AC:  6    Str: 14    XL:     5   Next: 7%
Magic:  5/5        EV: 12    Int:  8    God:
Gold:   128        SH:  0    Dex: 17    Spells: 4/4 levels left

rFire   . . .      SeeInvis .    a - +0 long sword
rCold   . . .      Faith    .    (no shield)
rNeg    . . .      Spirit   .    f - +0 ring mail
rPois   .          Reflect  .    c - +0 helmet
rElec   .          Harm     .    (no cloak)
rCorr   .          Rampage  .    (no gloves)
Will    .....                    (no boots)
Stlth   +                        (no amulet)
HPRegen 0.26/turn                (no ring)
MPRegen 0.09/turn                (no ring)

@: no status effects
A: (nimble swimmer 2), mertail
a: no special abilities


You were on level 3 of the Dungeon.
You visited 1 branch of the dungeon, and saw 3 of its levels.

You collected 128 gold pieces.

Inventory:

Hand Weapons
 a - a +0 long sword (weapon)
Missiles
 d - 3 throwing nets (quivered)
 e - a javelin
Armour
 b - a +0 leather armour
 c - a +0 helmet (worn)
 f - a +0 ring mail (worn)
Scrolls
 g - a scroll of acquirement {unknown}
 h - 3 scrolls of teleportation {unknown}
 i - 3 scrolls of identify {unknown}
 j - 2 scrolls of amnesia {unknown}
 k - 2 scrolls of blinking {unknown}
 l - a scroll of enchant armour {unknown}
 n - 2 scrolls of fog {unknown}
 o - a scroll of poison {unknown}
 p - a scroll of brand weapon {unknown}
 s - a scroll of torment {unknown}
 t - a scroll of noise {unknown}
 u - a scroll of immolation {unknown}
 v - a scroll of summoning {unknown}
Potions
 m - a potion of haste {unknown}
 q - 4 potions of curing {unknown}
 r - a potion of heal wounds {unknown}


   Skills:
 - Level 2.1 Fighting
 + Level 6.7 Long Blades
 - Level 2.0 Throwing
 - Level 4.0 Dodging


You had 4 spell levels left.
You didn't know any spells.
Your spell library contained the following spells:

 Spells                   Type           Power      Damage    Failure   Level
 Sandblast                Erth           0%         2d4       65%         1
 Ensorcelled Hibernation  Hex/Ice        0%         N/A       80%         2
 Passwall                 Tmut/Erth      0%         N/A       80%         2
 Stone Arrow              Conj/Erth      0%         3d7       95%         3
 Summon Guardian Golem    Hex/Summ       0%         N/A       95%         3
 Swiftness                Air            0%         N/A       95%         3
 Summon Lightning Spire   Summ/Air       0%         N/A       100%        4
 Summon Forest            Summ/Tloc      0%         N/A       100%        5
 Summon Mana Viper        Hex/Summ       0%         N/A       100%        5
 Summon Cactus Giant      Summ           0%         N/A       100%        6
 Orb of Destruction       Conj           0%         9d5       100%        7
 Spellforged Servitor     Conj/Summ      0%         N/A       100%        7
 Storm Form               Tmut/Air       0%         N/A       100%        7
 Maxwell's Capacitive Co  Air            0%         ∞         100%        8


Dungeon Overview and Level Annotations

Branches:
Dungeon (3/15)

Altars:

Shops:
D:1 (   D:2 :


Innate Abilities, Weirdness & Mutations

((You are very nimble when in or above water. (Stealth+, EV+, Speed+++)))
Your lower body shifts to a powerful aquatic tail in water.


Message History

Health restored: 33
There are monsters nearby!
A gnoll comes into view. It is wielding a +0 flail.
The gnoll shouts!
You slash the gnoll!
The gnoll is severely wounded.
The gnoll barely misses you.
You hit the gnoll but do no damage.
The gnoll is severely wounded.
The gnoll hits you with a +0 flail.
You take 4 damage, and have 29/33 hp.
You barely miss the gnoll.
The gnoll is severely wounded.
The gnoll hits you with a +0 flail.
You take 6 damage, and have 23/33 hp.
You hit the gnoll.
The gnoll is severely wounded.
The gnoll hits you with a +0 flail!
You take 6 damage, and have 17/33 hp.
You slash the gnoll!
You kill the gnoll!
The gnoll closely misses you.
You hit the gnoll.
The gnoll is moderately wounded.
The gnoll hits you with a +0 flail!
* * * LOW HITPOINT WARNING * * *
You take 12 damage, and have 5/33 hp.
MASSIVE DAMAGE!!
You hit the gnoll.
The gnoll is heavily wounded.
A quokka comes into view.
The gnoll hits you with a +0 flail.
* * * LOW HITPOINT WARNING * * *
You take 4 damage, and have 1/33 hp.
You slash the gnoll!
You kill the gnoll!
You have reached level 5!
You feel clever.
MP restored: 5 You hit the gnoll but do no damage.
The gnoll hits you with a +0 flail.
You die...

#.####.#.........# #.#
#........#.#...#.###.#
######...............#
###........(#####
######.#### #.#
#####.#####
#......>..#
....###@###.# ## #g#
#.# #r. #.# ... ...
...


You could see a gnoll and a quokka.

Vanquished Creatures
  Robin (D:3)
  2 gnolls (D:3)
  An adder (D:2)
  4 dart slugs
  3 endoplasms
  5 giant cockroaches
  19 goblins
  6 hobgoblins
  3 jackals (D:3)
  2 quokkas
  4 ball pythons
  7 bats
  4 frilled lizards
  5 kobolds
  5 rats
71 creatures vanquished.

Notes
Turn   | Place    | Note
-------+----------+-------------------------------------------
     0 | D:1      | Dirtsage the Merfolk Gladiator began the quest for the Orb.
     0 | D:1      | Reached XP level 1. HP: 16/16 MP: 1/1
   122 | D:1      | Reached skill level 4 in Long Blades
   133 | D:1      | Reached XP level 2. HP: 22/22 MP: 2/2
   229 | D:1      | Found Erelo's Weapon Emporium.
   745 | D:1      | Reached skill level 5 in Long Blades
   745 | D:1      | Reached XP level 3. HP: 25/27 MP: 3/3
  1161 | D:2      | Found Dinuboist's Book Shoppe.
  1374 | D:3      | Reached XP level 4. HP: 33/33 MP: 4/4
  1743 | D:3      | Reached skill level 6 in Long Blades
  1823 | D:3      | Noticed Robin
  1931 | D:3      | Killed Robin
  2063 | D:3      | HP: 1/33 [gnoll/+0 flail (4)]
  2065 | D:3      | Reached XP level 5. HP: 2/38 MP: 5/5
  2065 | D:3      | Slain by a gnoll

Illustrated notes

Levels and vault maps discovered:
D:1:      shiori_shiawase, layout_basic, serial_shops, shop
D:2:      layout_rooms, serial_shops, nicolae_shop_advertising_works
          [nicolae_subvault_shop_adworks], minmay_misc_feat_secret_circle
D:3:      kennysheep_goblin_castle, layout_loops_corners,
          mainiacjoe_overflow_paths, grunt_ministairs_8, grunt_decor_arrowhead,
          uniq_jessica

Skill      XL: |  1  2  3  4 |
---------------+-------------+-----
Long Blades    | 4 5 6 |  6.7
Fighting       | |  2.1
Throwing       | |  2.0
Dodging        | |  4.0

Action                     |  1- 3 |  4- 6 || total
---------------------------+-------+-------++-------
  Melee: Long sword        |    96 |    72 ||   168
         Tailslap          |       |     1 ||     1
 Armour: Ring mail         |    33 |    26 ||    59
  Dodge: Dodged            |    57 |    77 ||   134

Table legend: (Time is in decaauts)
 A = Elapsed time spent in this place.
 B = Non-inter-level travel time spent in this place.
 C = Inter-level travel time spent in this place.
 D = Time resting spent in this place.
 E = Time spent auto-exploring this place.
 F = Levels seen in this place.
 G = Mean time per level.
                   A        B        C        D        E       F      G
               +--------+--------+--------+--------+--------+-----+--------+
         Total |   2079 |   2032 |     47 |     43 |   1549 |   3 |  693.0 |
       Dungeon |   2079 |   2032 |     47 |     43 |   1549 |   3 |  693.0 |
               +--------+--------+--------+--------+--------+-----+--------+

Top non-repeatable levels by time:
     D:1: 841 daAuts
     D:3: 696 daAuts
     D:2: 542 daAuts
